AoeStats
← FrankoDerz!

Arena

506022875Analyzed
3v3 RM · 20d ago on Sep 12, 2026· 51m 33s· 6 players
Game mode
Random Map
Map size
Normal (6 player)
Population
200
Speed
Normal
Resources
Standard
Victory
Conquest
Starting age
Dark Age
Ending age
Imperial Age
RankedLock teamsTeams togetherTeam positionsShared explorationLock speedFull tech treeHidden civsTurbo modeCheats
Victory
Defeat
🇦🇷 Turks · Argentina
788
+14
🇦🇷 Huns · Argentina
788
+14
🇦🇷 Burgundians · Argentina
594
+21
🇺🇸 Celts · United States
789
-43
🇨🇱 Turks · Chile
730
-16
🇧🇷 Burgundians · Brazil
667
-14
Gordo Grasoso
8:38 Horse Collar
8:48 Double-Bit Axe
10:13 Horse Collar
12:32 Feudal Age
14:04 Heavy Plow
14:14 Bow Saw
18:38 Castle Age
18:10 Scale Barding Armor
20:09 Gold Mining
21:25 Two-Man Saw
22:07 Husbandry
21:47 Cavalier
25:41 Chain Barding Armor
27:22 Forging
28:51 Gold Shaft Mining
28:09 Stone Mining
28:37 Treadmill Crane
30:24 Wheelbarrow
31:35 Iron Casting
32:49 Hand Cart
32:23 Loom
34:15 Stone Shaft Mining
34:15 Burgundian Vineyards
38:13 Imperial Age
35:30 Town Watch
37:11 Town Patrol
38:26 Ballistics
39:32 Paladin
40:43 Conscription
40:33 Devotion
41:10 Plate Barding Armor
41:35 Blast Furnace
40:55 Block Printing
42:44 Spies/Treason
45:13 Fletching
45:24 Padded Archer Armor
45:24 Scale Mail Armor
46:27 Chemistry
45:33 Squires
45:18 Arson
CULISUELTO4
11:38 Feudal Age
17:03 Castle Age
22:45 Scale Barding Armor
26:07 Forging
29:23 Marauders
30:49 Wheelbarrow
31:24 Horse Collar
32:27 Iron Casting
36:09 Bloodlines
36:00 Husbandry
44:14 Imperial Age
50:39 Elite Tarkan
BABO
10:57 Feudal Age
12:06 Double-Bit Axe
15:58 Castle Age
17:55 Horse Collar
20:22 Wheelbarrow
23:35 Fletching
24:57 Heavy Plow
26:36 Padded Archer Armor
26:56 Bodkin Arrow
30:49 Hand Cart
33:09 Leather Archer Armor
42:43 Gold Mining
42:47 Stone Mining
47:48 Imperial Age
48:35 Bracer
49:05 Ring Archer Armor
49:35 Elite Janissary
49:39 Spies/Treason
51:37 Artillery
Misha_Dyson
9:15 Loom
11:19 Feudal Age
11:48 Horse Collar
12:02 Stone Mining
14:24 Loom
18:43 Castle Age
18:24 Gold Mining
18:26 Double-Bit Axe
18:53 Forging
21:09 Scale Mail Armor
Wendell, O Malakoi
5:45 Loom
10:26 Wheelbarrow
12:46 Feudal Age
11:19 Horse Collar
13:16 Gold Mining
13:16 Stone Mining
25:16 Castle Age
26:03 Heavy Plow
26:47 Gold Shaft Mining
28:38 Caravan
30:37 Guilds
30:17 Double-Bit Axe
31:03 Town Watch
31:38 Stone Mining
34:22 Hand Cart
33:30 Man-at-Arms
34:11 Squires
39:13 Town Patrol
39:25 Pikeman
40:08 Scale Mail Armor
40:14 Scale Barding Armor
40:19 Forging
FrankoDerz!
9:55 Feudal Age
20:11 Castle Age
20:12 Horse Collar
20:23 Double-Bit Axe
21:39 Heavy Plow
24:22 Wheelbarrow
31:31 Fletching
Connection lost

Rejoining the realm…

Still unreachable

The connection could not be restored.

Session expired

The server has moved on; the page needs a fresh start.